 Dungeon Sprint DCSS version 0.31-a0-845-g9abc20d24f (webtiles) character file.

Game seed: 7239198257098323463

7200000 Danienth the Infernalist (level 27, -3/193 (199) HPs)
             Began as a Gargoyle Fire Elementalist on Oct 2, 2023.
             Was the Champion of Makhleb.
             Killed by divine providence
             ... invoked by an accursed
              (11 damage)
             ... in the Dungeon (Sprint VIII: "Arena of Blood").
             The game lasted 00:08:30 (72 turns).

Danienth the Infernalist (Gargoyle Fire Elementalist) Turns: 72, Time: 00:08:32

HP:   -3/193 (199)  AC: 25    Str: 16    XL:     27
MP:   41/54         EV: 30    Int: 18    God:    Makhleb [******]
Gold: 0             SH:  0    Dex: 18    Spells: 79/80 levels left

rFire   . . .        h - +∞ Axe of Woe
rCold   . . .        (shield currently unavailable)
rNeg    + . .        a - +0 robe
rPois   ∞            (no helmet)
rElec   +            (no cloak)
rCorr   .            (no gloves)
SInv    .            (no boots)
Will    ++...        (no amulet)
Stlth   ++++++++++   (no ring)
HPRegen 0.52/turn    (no ring)
MPRegen 0.34/turn

%: no teleportation
@: on berserk cooldown, flying, hasted and slowed, lightly drained
A: sickness immunity, AC +20, big wings, negative energy resistance 1,
electricity resistance, torment resistance 1, petrification resistance
a: Renounce Religion, Minor Destruction, Lesser Servant of Makhleb, Major
Destruction, Greater Servant of Makhleb


You were in the Dungeon.
You worshipped Makhleb.
Makhleb was exalted by your worship.
You visited 1 branch

Inventory:

Hand Weapons
 h - the +∞ Axe of Woe (weapon)
   (You found it in the Dungeon)
Armour
 a - a +0 robe (worn)
Jewellery
 e - a +100 ring of slaying
 f - a +200 ring of slaying
 g - a +30 ring of slaying
Potions
 b - 2 potions of magic
 c - a potion of curing


   Skills:
 O Level 27 Fighting
 + Level 22.9(25.9) Short Blades
 + Level 21.0(25.0) Long Blades
 O Level 27 Axes
 + Level 22.7(27) Maces & Flails
 + Level 21.0(27) Polearms
 + Level 22.6(27) Staves
 + Level 22.6 Ranged Weapons
 + Level 21.0 Throwing
 + Level 24.4 Armour
 O Level 27 Dodging
 O Level 27 Stealth
 + Level 24.4 Shields
 + Level 22.7 Unarmed Combat
 O Level 27 Spellcasting
 O Level 27 Conjurations
 + Level 21.0 Hexes
 + Level 22.9 Summonings
 + Level 21.2 Necromancy
 + Level 22.9 Translocations
 + Level 21.2 Transmutations
 O Level 27 Fire Magic
 + Level 24.7 Ice Magic
 + Level 21.2 Air Magic
 O Level 27 Earth Magic
 + Level 24.7 Poison Magic
 O Level 27 Invocations
 + Level 22.9 Evocations
 + Level 19.6 Shapeshifting


You had 79 spell levels left.
You knew the following spells:

 Your Spells              Type           Power      Damage    Failure   Level
a - Foxfire               Conj/Fire      100%       2x1d9     0%          1

Your spell library contained the following spells:

 Spells                   Type           Power      Damage    Failure   Level
 Scorch                   Fire           100%       2d9       0%          2
 Inner Flame              Hex/Fire       84%        N/A       0%          3
 Volatile Blastmotes      Fire/Tloc      100%       2d18      0%          3
 Flame Wave               Conj/Fire      88%        2d19      0%          4


Dungeon Overview and Level Annotations

Branches:
Dungeon (1/1)

Altars:
Makhleb


Innate Abilities, Weirdness & Mutations

You are immune to sickness and miasma.
Your stone body is resilient. (AC +20)
You are immune to poison.
Your large and strong wings let you fly.
You resist negative energy. (rN+)
You are resistant to electric shocks. (rElec)
You are resistant to unholy torment.
You are immune to petrification.


Message History

The dread is engulfed in blazing flames.
The meat beast trumpets, "Quit, thou spongy fen-sucked wagtail!"
The bag of meat is engulfed in blazing flames.
The large bag of meat is engulfed in blazing flames.
The large bag of meat hits your cacodemon with a +9 giant spiked club!!!!
Your cacodemon dies!
Your cacodemon disappears in a puff of smoke!
The accursed points at you and mumbles some strange words.
Something smites you!
* * * LOW HITPOINT WARNING * * *
The large bag of meat shouts in stereo!
The bag of meat shouts!
You hear a shout!
Your base Long Blades skill increases to level 21!
Your base Polearms skill increases to level 21!
Your Throwing skill increases to level 21!
Your Hexes skill increases to level 21!
Cleave: h) +∞ Axe of Woe
Press: ? - help, Dir - move target, f - bag of meat
Aim: a bag of meat, wielding a +9 war axe and wearing a +30 ring of slaying (flame, severely wounded, about 0% to evade the +∞ Axe of Woe)
Okay, then.
You aren't carrying any scrolls.
You feel much better.
You are engulfed in blazing flames.
The accursed points at you and mumbles some strange words.
Something smites you!
* * * LOW HITPOINT WARNING * * *
The meat beast squeals, "Leave lest death find thee!"
The destroyer gestures at you while chanting.
The destroyer blinks!
The bag of meat is engulfed in blazing flames.
The bag of meat hits you but does no damage.
A bag of meat comes into view. It is wielding a +9 war axe.
A bolt of negative energy appears from out of thin air!
The bolt of negative energy hits the accursed.
The accursed completely resists.
Deactivating autopickup; reactivate with Ctrl-A.
The bolt of negative energy hits you!! You partially resist.
You feel drained.
* * * LOW HITPOINT WARNING * * *
The accursed casts a spell at you. Something smites you!
You die...

### ...... ... #
........ .. ..
.....##.##.#####...
...X....... ..W....
####.....##o##)......
.........M.oO@)......
#.........)#o#)§.....
#..........°§§OM2..##
#.....○))oW§○...oWzo
..#....)))))°....{...
.....○))))☼○°........
.....○))M......V.....
......#))..M§.#......
#.....#..°....#.....


You could see 4 accurseds, a meat beast (fast), a destroyer, a sculptor of
flesh, a large bag of meat (inner flame), 3 dreads, a meat berserker (berserk)
and 6 bags of meat.

Vanquished Creatures
  A hell beast (D)
  A royal mummy (D)
  10 vampire knights (D)
  28 ogres (D)
  8 two-headed ogres (D)
  A lich (D)
  74 orcs (D)
  2 skeletal warriors (D)
125 creatures vanquished.

Vanquished Creatures (others)
  3 two-headed ogres (D)
  A hydra (D)
4 creatures vanquished.

Grand Total: 129 creatures vanquished

Notes
Turn   | Place    | Note
-------+----------+-------------------------------------------
     0 | D        | Found the +∞ Axe of Woe
     0 | D        | Danienth the Gargoyle Fire Elementalist began the quest for
                  | the Orb.
     0 | D        | Reached XP level 1. HP: 10/10 MP: 3/3
     2 | D        | Noticed a meat berserker
     3 | D        | Became a worshipper of Makhleb the Destroyer
     5 | D        | Killed a meat berserker
     5 | D        | Noticed a bag of meat
     6 | D        | Reached XP level 2. HP: 15/15 MP: 3/15
     6 | D        | Reached XP level 3. HP: 19/19 MP: 3/17
     6 | D        | Reached XP level 4. HP: 24/24 MP: 3/18
     6 | D        | Reached XP level 5. HP: 28/28 MP: 3/20
     6 | D        | Reached XP level 6. HP: 32/32 MP: 3/21
     6 | D        | Reached XP level 7. HP: 36/36 MP: 3/23
     6 | D        | Reached XP level 8. HP: 41/41 MP: 3/24
     6 | D        | Reached XP level 9. HP: 45/45 MP: 3/25
     6 | D        | Reached XP level 10. HP: 50/50 MP: 3/26
     6 | D        | Reached XP level 11. HP: 54/54 MP: 3/27
     6 | D        | Reached XP level 12. HP: 59/59 MP: 3/28
     6 | D        | Noticed a bag of meat
     6 | D        | Noticed a bag of meat
     6 | D        | Noticed a meat berserker
     8 | D        | Noticed a bag of meat
    10 | D        | Noticed a meat berserker
    11 | D        | Noticed a bag of meat
    11 | D        | Noticed a bag of meat
    11 | D        | Noticed a bag of meat
    12 | D        | Killed a meat berserker
    12 | D        | Reached * piety under Makhleb
    12 | D        | Killed a bag of meat
    12 | D        | HP: 2/59 [bag of meat/+9 war axe (41)]
    13 | D        | Reached skill level 15 in Spellcasting
    13 | D        | Reached XP level 13. HP: 2/66 MP: 28/32
    13 | D        | Killed a bag of meat
    13 | D        | Killed a bag of meat
    13 | D        | Reached ** piety under Makhleb
    13 | D        | Killed a bag of meat
    13 | D        | Noticed a meat berserker
    13 | D        | Noticed a bag of meat
    13 | D        | Noticed a bag of meat
    14 | D        | Reached skill level 10 in Axes
    14 | D        | Reached skill level 15 in Stealth
    14 | D        | Reached skill level 27 in Fire Magic
    14 | D        | Gained mutation: Your large and strong wings let you fly.
                  | [Gargoyle growth]
    14 | D        | Reached XP level 14. HP: 34/74 MP: 28/35
    14 | D        | Killed a meat berserker
    14 | D        | Killed a bag of meat
    14 | D        | Reached *** piety under Makhleb
    14 | D        | Killed a bag of meat
    14 | D        | Killed a meat berserker
    14 | D        | Noticed a bag of meat
    14 | D        | Noticed a bag of meat
    15 | D        | Reached XP level 15. HP: 85/85 MP: 28/39
    15 | D        | Reached XP level 16. HP: 90/90 MP: 28/40
    15 | D        | Noticed a large bag of meat
    15 | D        | Noticed a large bag of meat
    15 | D        | Noticed a meat berserker
    15 | D        | Noticed a meat berserker
    15 | D        | Noticed a meat berserker
    15 | D        | Noticed a meat berserker
    15 | D        | Noticed a meat berserker
    16 | D        | Reached **** piety under Makhleb
    16 | D        | Noticed a meat berserker
    17 | D        | Reached skill level 10 in Fighting
    17 | D        | Noticed a meat berserker
    17 | D        | Killed a meat berserker
    17 | D        | Reached ***** piety under Makhleb
    17 | D        | Noticed a meat berserker
    18 | D        | Reached XP level 17. HP: 108/110 MP: 29/43
    18 | D        | Killed a meat berserker
    18 | D        | Noticed a meat berserker
    19 | D        | Noticed a destroyer
    19 | D        | Killed a meat berserker
    19 | D        | Noticed a meat berserker
    20 | D        | Noticed a large bag of meat
    20 | D        | Killed a meat berserker
    20 | D        | Noticed a meat berserker
    21 | D        | Reached skill level 27 in Axes
    21 | D        | Reached XP level 18. HP: 132/132 MP: 30/46
    21 | D        | Killed a destroyer
    21 | D        | Reached ****** piety under Makhleb
    21 | D        | Noticed a meat berserker
    21 | D        | Noticed a meat berserker
    22 | D        | Reached skill level 10 in Conjurations
    22 | D        | Reached XP level 19. HP: 150/150 MP: 30/49
    22 | D        | Killed a meat berserker
    22 | D        | Noticed a meat berserker
    23 | D        | Reached skill level 27 in Fighting
    23 | D        | Reached skill level 27 in Spellcasting
    23 | D        | Killed a meat berserker
    23 | D        | Noticed a large bag of meat
    23 | D        | Noticed a destroyer
    24 | D        | Reached skill level 27 in Dodging
    24 | D        | Reached skill level 27 in Stealth
    24 | D        | Noticed a large bag of meat
    24 | D        | Killed a large bag of meat
    24 | D        | Killed a meat berserker
    24 | D        | Noticed a large bag of meat
    25 | D        | Reached skill level 27 in Conjurations
    25 | D        | Reached XP level 20. HP: 119/157 MP: 31/51
    25 | D        | Killed a meat berserker
    25 | D        | Killed a meat berserker
    25 | D        | Noticed a large bag of meat
    26 | D        | Reached skill level 5 in Shapeshifting
    26 | D        | Reached XP level 21. HP: 93/163 MP: 31/52
    26 | D        | Killed a meat berserker
    26 | D        | Noticed a meat berserker
    27 | D        | Reached skill level 10 in Earth Magic
    27 | D        | Killed a meat berserker
    27 | D        | Killed a meat berserker
    27 | D        | Noticed a meat berserker
    28 | D        | Reached skill level 10 in Short Blades
    28 | D        | Reached skill level 10 in Maces & Flails
    28 | D        | Reached skill level 10 in Staves
    28 | D        | Reached skill level 10 in Ranged Weapons
    28 | D        | Reached skill level 10 in Unarmed Combat
    28 | D        | Reached skill level 10 in Summonings
    28 | D        | Reached skill level 10 in Translocations
    28 | D        | Reached skill level 10 in Evocations
    28 | D        | Reached XP level 22. HP: 162/169 MP: 31/53
    29 | D        | Reached skill level 10 in Long Blades
    29 | D        | Reached skill level 10 in Polearms
    29 | D        | Reached skill level 10 in Throwing
    29 | D        | Reached skill level 10 in Hexes
    29 | D        | Reached skill level 10 in Necromancy
    29 | D        | Reached skill level 10 in Transmutations
    29 | D        | Reached skill level 10 in Air Magic
    29 | D        | Reached skill level 15 in Earth Magic
    29 | D        | Reached skill level 10 in Shapeshifting
    29 | D        | Reached XP level 23. HP: 173/175 MP: 31/54
    31 | D        | Reached skill level 15 in Invocations
    31 | D        | Killed a destroyer
    32 | D        | Reached skill level 15 in Ice Magic
    32 | D        | Reached skill level 15 in Poison Magic
    32 | D        | Reached XP level 24. HP: 169/181 MP: 32/54
    32 | D        | Noticed a large bag of meat
    33 | D        | Killed a large bag of meat
    33 | D        | Killed a large bag of meat
    34 | D        | Reached skill level 15 in Short Blades
    34 | D        | Reached skill level 15 in Summonings
    34 | D        | Reached skill level 15 in Translocations
    34 | D        | Reached skill level 15 in Evocations
    34 | D        | Killed a large bag of meat
    35 | D        | Reached skill level 15 in Maces & Flails
    35 | D        | Reached skill level 15 in Staves
    35 | D        | Reached skill level 15 in Ranged Weapons
    35 | D        | Reached skill level 15 in Unarmed Combat
    35 | D        | Reached skill level 15 in Necromancy
    35 | D        | Reached skill level 15 in Transmutations
    35 | D        | Reached skill level 15 in Air Magic
    35 | D        | Reached XP level 25. HP: 152/187 MP: 33/54
    37 | D        | Reached skill level 15 in Long Blades
    37 | D        | Reached skill level 15 in Polearms
    37 | D        | Reached skill level 15 in Throwing
    37 | D        | Reached skill level 15 in Hexes
    39 | D        | Noticed a destroyer
    40 | D        | Noticed a destroyer
    40 | D        | Noticed a large bag of meat
    41 | D        | Noticed a destroyer
    42 | D        | Killed a large bag of meat
    42 | D        | Killed a large bag of meat
    42 | D        | Killed a destroyer
    42 | D        | Killed a large bag of meat
    42 | D        | Killed a large bag of meat
    42 | D        | Noticed a destroyer
    43 | D        | Reached skill level 15 in Shapeshifting
    43 | D        | Reached XP level 26. HP: 193/193 MP: 34/54
    44 | D        | Noticed a destroyer
    44 | D        | Noticed a destroyer
    45 | D        | Killed a destroyer
    46 | D        | Noticed a large bag of meat
    48 | D        | Noticed an accursed
    48 | D        | Killed a large bag of meat
    50 | D        | Noticed a large bag of meat
    51 | D        | Killed a destroyer
    51 | D        | Killed a destroyer
    51 | D        | Killed a destroyer
    51 | D        | Noticed a tyrant
    52 | D        | Reached XP level 27. HP: 199/199 MP: 36/54
    57 | D        | Noticed a dread
    57 | D        | Noticed an accursed
    59 | D        | Killed a destroyer
    59 | D        | Killed a large bag of meat
    60 | D        | Noticed a meat beast
    61 | D        | Noticed an accursed
    62 | D        | Noticed a destroyer
    63 | D        | Killed a meat beast
    64 | D        | Reached skill level 27 in Earth Magic
    64 | D        | Noticed a large bag of meat
    64 | D        | Noticed a destroyer
    65 | D        | Noticed an accursed
    67 | D        | Killed a destroyer
    67 | D        | Noticed a dread
    67 | D        | Noticed a tyrant
    68 | D        | Reached skill level 27 in Invocations
    68 | D        | Killed a tyrant
    69 | D        | Noticed a meat beast
    70 | D        | Noticed a dread
    70 | D        | Killed an accursed
    70 | D        | Killed a destroyer
    70 | D        | Noticed a dread
    70 | D        | Noticed an accursed
    71 | D        | Killed a large bag of meat
    71 | D        | Noticed a destroyer
    71 | D        | HP: 8/199 [accursed/divine providence (12)]
    72 | D        | Killed from afar by an accursed

Illustrated notes

Levels and vault maps discovered:
D:        meatsprint

Skill      XL: |  1  2  3  4  5  6  7  8  9 10 11 12 13 14 15 16 17 18 19 20 21 22 23 24 25 26 27 |
---------------+----------------------------------------------------------------------------------+-----
Axes           | 4 6 10 17 21 27 | 27.0
Dodging        | 9 11 13 16 18 20 22 27 | 27.0
Stealth        | 11 13 15 18 19 21 23 27 | 27.0
Spellcasting   | 12 15 17 20 22 24 26 27 | 27.0
Conjurations   | 3 4 7 8 9 10 27 | 27.0
Fire Magic     | 21 25 27 | 27.0
Fighting       | 2 3 6 13 21 26 27 | 27.0
Short Blades   | 6 10 11 14 16 18 20 22 | 22.9
Long Blades    | 6 9 10 12 14 16 18 21 | 21.0
Maces & Flails | 6 10 11 13 15 18 19 22 | 22.7
Polearms       | 6 9 10 12 14 16 18 21 | 21.0
Staves         | 6 10 11 13 15 18 19 22 | 22.6
Ranged Weapons | 6 10 11 13 15 18 19 22 | 22.6
Throwing       | 6 9 10 12 14 16 18 21 | 21.0
Armour         | 7 11 12 14 17 19 21 24 | 24.4
Shields        | 7 11 12 14 17 19 21 24 | 24.4
Unarmed Combat | 6 10 11 13 15 18 19 22 | 22.7
Hexes          | 6 9 10 12 14 16 18 21 | 21.0
Summonings     | 6 10 11 14 16 18 20 22 | 22.9
Necromancy     | 6 9 10 12 15 17 18 21 | 21.2
Translocations | 6 10 11 14 16 18 20 22 | 22.9
Transmutations | 6 9 10 12 15 17 18 21 | 21.2
Ice Magic      | 7 11 12 15 17 19 21 24 | 24.7
Air Magic      | 6 9 10 12 15 17 18 21 | 21.2
Earth Magic    | 9 13 15 17 20 23 25 27 | 27.0
Poison Magic   | 7 11 12 15 17 19 21 24 | 24.7
Invocations    | 8 12 13 16 19 21 23 27 | 27.0
Evocations     | 6 10 11 14 16 18 20 22 | 22.9
Shapeshifting  | 5 8 10 11 13 15 17 19 | 19.6

Action                     |  1- 3 |  4- 6 |  7- 9 | 10-12 | 13-15 | 16-18 | 19-21 | 22-24 | 25-27 || total
---------------------------+-------+-------+-------+-------+-------+-------+-------+-------+-------++-------
  Melee: Executioner's axe |     1 |       |       |     1 |     2 |     6 |     6 |     6 |    22 ||    44
 Invoke: Major Destruction |       |       |       |       |       |       |       |       |     1 ||     1
         Greater Servant o |       |       |       |       |       |       |       |       |     1 ||     1
    Use: Potion            |       |       |       |     1 |       |       |       |     1 |     2 ||     4
         Scroll            |       |       |       |       |       |     1 |       |       |       ||     1
 Armour: Robe              |       |       |       |     2 |       |     1 |     6 |    10 |    17 ||    36
  Dodge: Dodged            |       |       |       |     1 |       |     1 |       |       |     2 ||     4

Table legend: (Time is in decaauts)
 A = Elapsed time spent in this place.
 B = Non-inter-level travel time spent in this place.
 C = Inter-level travel time spent in this place.
 D = Time resting spent in this place.
 E = Time spent auto-exploring this place.
 F = Levels seen in this place.
 G = Mean time per level.
                   A        B        C        D        E       F      G
               +--------+--------+--------+--------+--------+-----+--------+
         Total |     55 |     55 |      0 |      0 |      0 |   1 |   55.0 |
       Dungeon |     55 |     55 |      0 |      0 |      0 |   1 |   55.0 |
               +--------+--------+--------+--------+--------+-----+--------+

Top non-repeatable levels by time:
       D: 55 daAuts
